 Dungeon Crawl Stone Soup version 0.32-a0-540-g866d13106e (webtiles) character file.

Game seed: 2837995765260367134

340 Newt the Changeling (level 6, -1/43 HPs)
             Began as an Octopode Shapeshifter on Feb 28, 2024.
             Slain by a hound (3 damage)
             ... on level 5 of the Dungeon.
             The game lasted 00:03:45 (3608 turns).

Newt the Changeling (Octopode Shapeshifter)         Turns: 3608, Time: 00:03:45

Health: -1/43      AC:  1    Str: 13    XL:     6   Next: 56%
Magic:  15/15      EV: 13    Int: 18    God:
Gold:   296        SH:  0    Dex: 14    Spells: 5/5 levels left

rFire   . .          .
                       - Unarmed
rCold   . . .        (no shield)
rNeg    . . .        (helmet currently unavailable)
rPois   .            (no amulet)
rElec   .            e - +6 ring of intelligence
rCorr   .            o - ring of wizardry
SInv    .            s - ring of magical power
Will    .....        (no ring)
Stlth   ++           (no ring)
HPRegen 0.27/turn    (no ring)
MPRegen 0.14/turn    (no ring)
                     (no ring)

%: wizardry (x1)
@: beast-form
A: beast (slay +3), almost no armour, amphibious, 8 rings, camouflage 1,
gelatinous body 1, (nimble swimmer 1), tentacles
a: Begin Untransformation


You were on level 5 of the Dungeon.
You were a hulking beast.
You visited 1 branch of the dungeon, and saw 5 of its levels.

You collected 296 gold pieces.

Inventory:

Missiles
 g - 3 poisoned darts (quivered)
Jewellery
 e - a +6 ring of intelligence (left tentacle)
 o - a ring of wizardry (right tentacle)
 s - a ring of magical power (on tentacle)
Talismans
 b - a beast talisman (active)
 c - a flux talisman
Wands
 j - a wand of warping (1)
 r - a wand of flame (20)
Scrolls
 d - a scroll of immolation
 f - a scroll of torment
 i - a scroll of blinking
 m - a scroll of noise
 p - a scroll of teleportation
Potions
 a - a potion of lignification
 h - 2 potions of brilliance {unknown}
 k - a potion of invisibility {unknown}
 l - 2 potions of mutation {unknown}
 n - a potion of might {unknown}
 q - a potion of curing {unknown}
 t - a potion of magic {unknown}


   Skills:
 + Level 3.7 Fighting
 - Level 2.0 Dodging
 - Level 3.0 Unarmed Combat
 * Level 5.6 Shapeshifting


You had 5 spell levels left.
You didn't know any spells.
Your spell library contained the following spells:

 Spells                   Type           Power      Damage    Failure   Level
 Blink                    Tloc           0%         N/A       13%         2
 Lesser Beckoning         Tloc           0%         N/A       13%         2
 Momentum Strike          Conj/Tloc      0%         3d8       13%         2


Dungeon Overview and Level Annotations

Branches:
Dungeon (5/15)
 Temple: D:4-7

Altars:
Kikubaaqudgha
Qazlal
Uskayaw

Shops:
D:5 :

Annotations:
D:3 1 runed translucent door, Crazy Yiuf
D:4 2 transporters, AutarchDCSS's ghost, amateur DrHs


Innate Abilities, Weirdness & Mutations

You are a hulking beast.
Your limbs bulge with bestial killing power. (Slay +3)
You cannot wear most types of armour.
You are amphibious.
You can wear up to eight rings at the same time.
Your skin changes colour to match your surroundings (Stealth+).
Your rubbery body absorbs attacks. (AC +1, EV +1)
((You are camouflaged when in or above water. (Stealth+)))
You have tentacles for arms and can constrict up to eight enemies at once.


Message History

An orc priest comes into view. It is wielding a +0 club.
An orc priest is nearby!
An orc priest and an orc come into view.
You hear the slow rusting of a very distant drain.
The orc priest shouts!
You hear a shout!
The orc shouts!
You hear a shout! x2
You hear a bark!
An orc priest comes into view. It is wielding a +0 falchion.
An orc priest comes into view. It is wielding a +0 club.
The orc moves out of view.
You closely miss the orc priest.
The orc priest shouts!
Your grab misses the orc priest.
You hear a shout! x2
The orc priest calls down the wrath of Beogh upon you.
Pain shoots through your body!
Unknown command.
You barely miss the orc priest. You grab the orc priest.
You constrict the orc priest.
An orc priest comes into view. It is wielding a +0 short sword.
The orc priest invokes the aid of Beogh against you.
Beogh smites you!
The orc priest calls down the wrath of Beogh upon you.
Beogh smites you!
An orc priest comes into view. It is wielding a +0 flail.
The orc priest shouts, "The Pantheon deserves no one's loyalty.
Let us show you the true path!" (press Y on the ability menu to convert to Beogh)
You release your grip on the orc priest.
The orc priest attacks as it pursues you!
The orc priest completely misses you.
The orc priest calls down the wrath of Beogh upon you.
You barely resist.
Unknown command.
A hound comes into view.
The orc priest mumbles some strange prayers to Beogh against you.
Beogh smites you!
* * * LOW HITPOINT WARNING * * *
There is a stone staircase leading up here.
Unknown command.
The hound bites you.
You die...

#######.#....#.##
.....
................+
.....
######.#......##.....
#.#.#.#.###.....
#......#...#
##.#.###.∩.#
##.###.##...# #.##
##h.###..# ##.###h#.#
### ##.#.##h#######.
##.##....h.....
####..#####...
#.#o.o# #..##.# #.#
.# #. oo #.


o.o You could see a hound.

Vanquished Creatures
  2 ogres (D:4)
  A hound (D:5)
  A jelly (D:4)
  4 gnolls (D:4)
  3 adders
  2 dart slugs
  3 orcs
  3 ball pythons
  4 endoplasms
  2 giant cockroaches
  6 goblins
  7 hobgoblins
  2 jackals (D:2)
  A quokka (D:3)
  4 bats
  6 kobolds
  A rat (D:1)
52 creatures vanquished.

Notes
Turn   | Place    | Note
-------+----------+-------------------------------------------
     0 | D:1      | Newt the Octopode Shapeshifter began the quest for the Orb.
     0 | D:1      | Reached XP level 1. HP: 13/13 MP: 1/1
   192 | D:1      | Reached XP level 2. HP: 18/18 MP: 2/2
  1031 | D:2      | Reached XP level 3. HP: 15/24 MP: 3/3
  1914 | D:3      | Reached skill level 4 in Shapeshifting
  1954 | D:3      | Found a faded altar of an unknown god.
  2180 | D:3      | Found a stormy altar of Qazlal.
  2181 | D:3      | Found an ancient bone altar of Kikubaaqudgha.
  2313 | D:3      | Found a runed translucent door.
  2314 | D:3      | Noticed Crazy Yiuf
  2381 | D:4      | Noticed an ogre
  2383 | D:4      | Reached XP level 4. HP: 29/29 MP: 4/4
  2391 | D:4      | Killed an ogre
  2392 | D:4      | Reached XP level 5. HP: 26/36 MP: 5/5
  2806 | D:4      | Reached skill level 5 in Shapeshifting
  2816 | D:4      | Noticed an ogre
  2824 | D:4      | Killed an ogre
  2825 | D:4      | Reached XP level 6. HP: 42/42 MP: 6/6
  3035 | D:4      | Found a transporter.
  3039 | D:4      | Noticed AutarchDCSS's ghost (amateur DrHs)
  3044 | D:4      | Found a transporter.
  3089 | D:4      | Noticed a +0 hand axe
  3089 | D:4      | Noticed a +0 dagger
  3093 | D:4      | Found a hide-covered altar of Uskayaw.
  3497 | D:5      | Entered Level 5 of the Dungeon
  3497 | D:5      | Found Daopreal's Book Boutique.
  3606 | D:5      | HP: 1/43 [orc priest/divine providence (17)]
  3608 | D:5      | Slain by a hound

Illustrated notes

Levels and vault maps discovered:
D:1:      minmay_arrival_semitransparent, layout_basic, minmay_misc_feat_plants,
          serial_bayou_lagoon_a
D:2:      layout_loops_corners, minmay_liquid_box
D:3:      layout_rooms, minitemple, chequers_ecumenical_altar_lobes,
          uniq_crazy_yiuf_cottage
D:4:      layout_layer_cave, dancing_weapons_uskayaw, gammafunk_ghost_mausoleum,
          kennysheep_generic_room_5
D:5:      layout_loops_corners, serial_shops, nicolae_book_shop_shelving,
          cheibrodos_sewer_entry_bend, uniq_menkaure

Skill      XL: |  1  2  3  4  5 |
---------------+----------------+-----
Fighting       | 2 3 |  3.7
Shapeshifting  | 4 5 |  5.6
Dodging        | |  2.0
Unarmed Combat | |  3.0

Action                     |  1- 3 |  4- 6 || total
---------------------------+-------+-------++-------
  Melee: Unarmed           |    56 |    39 ||    95
         Constrict         |    13 |    13 ||    26
         Tentacles         |     5 |     9 ||    14
         Punch             |     1 |     2 ||     3
  Throw: Dart              |       |     3 ||     3
  Evoke: Wand              |       |     1 ||     1
    Use: Scroll            |     1 |     5 ||     6
   Stab: Sleeping          |     4 |     2 ||     6
 Armour: Skin              |    22 |     9 ||    31
  Dodge: Dodged            |    26 |    25 ||    51

Table legend: (Time is in decaauts)
 A = Elapsed time spent in this place.
 B = Non-inter-level travel time spent in this place.
 C = Inter-level travel time spent in this place.
 D = Time resting spent in this place.
 E = Time spent auto-exploring this place.
 F = Levels seen in this place.
 G = Mean time per level.
                   A        B        C        D        E       F      G
               +--------+--------+--------+--------+--------+-----+--------+
         Total |   3600 |   3366 |    234 |    285 |   2674 |   5 |  720.0 |
       Dungeon |   3600 |   3366 |    234 |    285 |   2674 |   5 |  720.0 |
               +--------+--------+--------+--------+--------+-----+--------+

Top non-repeatable levels by time:
     D:4: 1155 daAuts
     D:1: 993 daAuts
     D:2: 898 daAuts
     D:3: 443 daAuts
     D:5: 110 daAuts
